AoeStats
← Derf

Arabia

505522595Analyzed
1v1 RM · 23d ago on Sep 9, 2026· 80m 13s· 2 players
Game mode
Random Map
Map size
Tiny (2 player)
Population
200
Speed
Normal
Resources
Standard
Victory
Conquest
Starting age
Dark Age
Ending age
Imperial Age
RankedLock teamsTeams togetherTeam positionsShared explorationLock speedFull tech treeHidden civsTurbo modeCheats
Victory
Defeat
🇫🇷 Japanese · France
675
+14
🇦🇷 Bohemians · Argentina
637
-14
Kerry Kachota
3:32 Loom
12:14 Feudal Age
13:08 Double-Bit Axe
14:00 Wheelbarrow
13:32 Town Watch
15:52 Forging
21:34 Castle Age
21:37 Pikeman
22:19 Squires
22:25 Squires
23:06 Iron Casting
24:08 Scale Mail Armor
25:16 Hand Cart
26:02 Chain Mail Armor
28:18 Bow Saw
28:48 Horse Collar
32:52 Town Patrol
33:43 Padded Archer Armor
35:37 Chemistry
47:03 Imperial Age
47:07 Wagenburg Tactics
49:17 Hussite Reforms
52:13 Halberdier
54:26 Fervor
54:21 Atonement
54:44 Sanctity
54:25 Devotion
54:50 Illumination
54:41 Block Printing
54:22 Herbal Medicine
55:02 Theocracy
54:48 Heresy
54:38 Redemption
57:12 Houfnice
65:36 Blast Furnace
65:07 Plate Mail Armor
66:53 Husbandry
66:14 Cavalier
67:04 Scale Barding Armor
Derf
2:59 Loom
12:35 Feudal Age
15:43 Double-Bit Axe
15:41 Horse Collar
20:19 Forging
24:19 Castle Age
22:51 Scale Barding Armor
28:25 Bow Saw
29:52 Wheelbarrow
32:02 Hand Cart
36:08 Gold Mining
36:16 Treadmill Crane
40:55 Imperial Age
39:10 Heavy Plow
40:39 Ballistics
40:28 Scale Mail Armor
44:32 Fletching
47:06 Gold Shaft Mining
47:54 Bodkin Arrow
48:19 Siege Engineers
49:09 Stone Mining
50:15 Conscription
49:57 Elite Skirmisher
51:28 Murder Holes
52:35 Chemistry
51:47 Masonry
54:41 Yasama
56:37 Bracer
56:38 Padded Archer Armor
57:14 Iron Casting
62:36 Leather Archer Armor
62:40 Chain Mail Armor
66:50 Two-Man Saw
65:49 Town Watch
67:14 Blast Furnace
66:46 Ring Archer Armor
66:49 Plate Mail Armor
75:15 Kataparuto
Connection lost

Rejoining the realm…

Still unreachable

The connection could not be restored.

Session expired

The server has moved on; the page needs a fresh start.